 Dungeon Crawl Stone Soup version 0.30.1-4-g462c640d31 (webtiles) character file.

Game seed: 16599468981701115673

2679 Gogs the Cleaver (level 9, -1/82 HPs)
             Began as a Hill Orc Fighter on Aug 24, 2023.
             Was a Follower of Makhleb.
             Slain by a killer bee (4 damage)
             ... on level 7 of the Dungeon.
             The game lasted 00:21:31 (6672 turns).

Gogs the Cleaver (Hill Orc Fighter)                 Turns: 6672, Time: 00:21:31

Health: -1/82      AC: 19    Str: 23    XL:     9   Next: 64%
Magic:  9/9        EV:  6    Int:  8    God:    Makhleb [*.....]
Gold:   442        SH:  5    Dex: 10    Spells: 8/8 levels left

rFire   . . .        a - +0 broad axe
rCold   . . .        c - +0 buckler
rNeg    . . .        r - +0 plate armour
rPois   .            m - +1 helmet
rElec   .            (no cloak)
rCorr   .            (no gloves)
SInv    .            (no boots)
Will    +....        (no amulet) Stlth
                     e - ring of willpower
HPRegen 0.33/turn    q - +4 ring of protection
MPRegen 0.11/turn

%: no passive effects
@: lethally poisoned (-1 -> -18), about to teleport
A: no striking features
a: Renounce Religion


You were on level 7 of the Dungeon.
You worshipped Makhleb.
Makhleb was aware of your devotion.
You visited 2 branches of the dungeon, and saw 8 of its levels.
You also visited: Ossuary.

You collected 442 gold pieces.

Inventory:

Hand Weapons
 a - a +0 broad axe (weapon)
 b - a +2 sling of flaming
 w - a +0 morningstar
Missiles
 h - 66 stones (quivered)
 n - 2 datura-tipped darts
 s - 6 javelins
 x - 6 boomerangs
 B - 10 poisoned darts
 E - 3 curare-tipped darts
Armour
 c - a +0 buckler (worn)
 m - a +1 helmet (worn)
 r - a +0 plate armour (worn)
Jewellery
 e - a ring of willpower (left hand)
 q - a +4 ring of protection (right hand)
Wands
 i - a wand of flame (11)
Scrolls
 f - 2 scrolls of butterflies
 g - a scroll of teleportation
 y - a scroll of amnesia
 z - a scroll of enchant weapon {unknown}
 D - a scroll of identify
 G - a scroll of blinking {unknown}
Potions
 d - 2 potions of invisibility
 j - a potion of magic {unknown}
 k - a potion of flight {unknown}
 l - 3 potions of cancellation
 o - 2 potions of haste {unknown}
 p - a potion of degeneration {unknown}
 t - 2 potions of attraction {unknown}
 u - 3 potions of curing {unknown}
 v - a potion of brilliance {unknown}
 A - 2 potions of heal wounds {unknown}
 C - a potion of lignification {unknown}
 F - a potion of might


   Skills:
 + Level 8.3 Fighting
 * Level 11.6 Axes
 + Level 7.5 Armour
 - Level 5.0 Shields
 * Level 0.9 Invocations


You had 8 spell levels left.
You didn't know any spells.
Your spell library contained the following spells:

 Spells                   Type           Power      Damage    Failure   Level
 Shock                    Conj/Air       0%         1d3       100%        1
 Poisonous Vapours        Pois/Air       0%         N/A       100%        2
 Hailstorm                Conj/Ice       0%         3d3       100%        3
 Mephitic Cloud           Conj/Pois/Air  0%         N/A       100%        3
 Swiftness                Air            0%         N/A       100%        3
 Airstrike                Air            0%         2d(0-16)  100%        4
 Ice Form                 Ice/Tmut       0%         N/A       100%        4
 Freezing Cloud           Conj/Ice/Air   0%         6-21      100%        5
 Simulacrum               Ice/Necr       0%         N/A       100%        6


Dungeon Overview and Level Annotations

Branches:
Dungeon (7/15)             Temple (1/1) D:5         Ossuary (visited)

Altars:
Ashenzari
Cheibriados
Dithmenos
Elyvilon
Fedhas
Hepliaklqana
Kikubaaqudgha
Makhleb
Nemelex Xobeh
Okawaru
Qazlal
Ru
Sif Muna
Trog
Vehumet
Wu Jian
Xom
The Shining One

Shops:
D:4 (


Message History

The killer bee stings you but does no damage.
You block the killer bee's attack. The killer bee closely misses you.
The killer bee barely misses you.
The killer bee stings you but does no damage.
You block the killer bee's attack. The killer bee stings you.
The killer bee stings you but does no damage. x2
You feel sick. You block the killer bee's attack.
The killer bee barely misses you. You block the killer bee's attack.
The killer bee stings you.
You are more poisoned.
The killer bee poisons you! The killer bee closely misses you.
The killer bee attacks as you move away!
The killer bee stings you but does no damage.
You feel very sick. The killer bee stings you.
You block the killer bee's attack. The killer bee barely misses you.
As you read the scroll of teleportation, it crumbles to dust.
You feel strangely unstable.
You feel very sick.
The killer bee stings you but does no damage. x3
The killer bee completely misses you. The killer bee stings you.
You are more poisoned.
The killer bee poisons you!
The killer bee stings you but does no damage.
The killer bee stings you.
You are lethally poisoned!
The killer bee poisons you!
* * * LOW HITPOINT WARNING * * *
You feel extremely sick. The killer bee stings you!
* * * LOW HITPOINT WARNING * * *
The killer bee stings you.
* * * LOW HITPOINT WARNING * * *
The killer bee attacks as you move away!
You block the killer bee's attack.
* * * LOW HITPOINT WARNING * * *
You feel very sick.
The killer bee stings you but does no damage.
The killer bee stings you.
You die...

.....
.......<#.......#
.....
#######.###.....##
#..##......#
######..##....#
#..####.......#
#....##.......#
..#†....##..#####
.........yyy#.##
..........y@..##
..........y....##
...........<....##
...........>..#..##
.......#.......#..##
.....####....####..#
.. ###### ##.# ###


You could see 5 killer bees.

Vanquished Creatures
  The ghost of middlethird the Grave Robber, an amateur FoNe (D:4)
  Edmund (D:4)
  2 water moccasins
  An ice beast (D:6)
  A sky beast (D:6)
  A black bear (D:6)
  An orc warrior (D:6)
  An ogre (D:4)
  A centaur (D:5)
  A phantom (D:5)
  5 elf zombies (Ossuary)
  4 scorpions (D:5)
  A killer bee (D:7)
  A howler monkey (D:5)
  3 jellies
  2 centaur zombies (Ossuary)
  2 orc priests (D:6)
  5 hounds (D:5)
  A human zombie (Ossuary)
  A gnoll bouda (D:6)
  2 sleepcaps
  6 iguanas
  Natasha (D:4)
  An orc wizard (D:6)
  2 mummies (Ossuary)
  6 gnolls
  9 adders
  A white imp (D:7)
  2 ufetubi
  3 worms
  4 dart slugs
  13 orcs
  3 ball pythons
  9 endoplasms
  2 giant cockroaches (D:4)
  8 goblins
  3 hobgoblins
  3 jackals (D:2)
  2 quokkas
  4 bats
  4 frilled lizards
  5 hobgoblin zombies (Ossuary)
  2 jackal zombies (Ossuary)
  5 kobolds
  5 kobold zombies (Ossuary)
  15 orc zombies (Ossuary)
  4 rats
  2 rat zombies (Ossuary)
162 creatures vanquished.

Vanquished Creatures (others)
  An orc wizard (D:6)
1 creature vanquished.

Grand Total: 163 creatures vanquished

Notes
Turn   | Place    | Note
-------+----------+-------------------------------------------
     0 | D:1      | Gogs the Hill Orc Fighter began the quest for the Orb.
     0 | D:1      | Reached XP level 1. HP: 19/19 MP: 1/1
    85 | D:1      | Reached skill level 3 in Axes
    87 | D:1      | Reached XP level 2. HP: 27/27 MP: 2/2
   568 | D:2      | Reached XP level 3. HP: 33/33 MP: 3/3
   636 | D:2      | Found a snail-covered altar of Cheibriados.
  1379 | D:3      | Reached XP level 4. HP: 40/40 MP: 4/4
  1417 | D:3      | Found a shimmering blue altar of Sif Muna.
  1945 | D:3      | Reached skill level 4 in Axes
  2089 | D:4      | Reached XP level 5. HP: 18/47 MP: 5/5
  2107 | D:4      | Noticed Edmund
  2123 | D:4      | Killed Edmund
  2124 | D:4      | Reached skill level 5 in Axes
  2124 | D:4      | Reached XP level 6. HP: 28/53 MP: 6/6
  2164 | D:4      | Found a sand-covered staircase.
  2168 | Ossuary  | Entered an ossuary
  2264 | Ossuary  | Reached skill level 5 in Shields
  2352 | Ossuary  | Reached skill level 5 in Fighting
  2356 | Ossuary  | Reached skill level 6 in Axes
  2360 | Ossuary  | Reached XP level 7. HP: 35/61 MP: 7/7
  2512 | Ossuary  | Reached skill level 7 in Axes
  2512 | Ossuary  | Reached skill level 5 in Armour
  2910 | D:4      | Found Xaasmeod's Antique Weapon Boutique.
  3261 | D:4      | Noticed Natasha
  3267 | D:4      | Killed Natasha
  3314 | D:4      | Found a transporter.
  3316 | D:4      | Noticed middlethird's ghost (amateur FoNe)
  3321 | D:4      | Found a transporter.
  3340 | D:4      | Reached skill level 8 in Axes
  3340 | D:4      | Reached XP level 8. HP: 51/70 MP: 8/8
  3363 | D:4      | Killed middlethird's ghost
  3467 | D:5      | Entered Level 5 of the Dungeon
  3594 | D:5      | Found a staircase to the Ecumenical Temple.
  3633 | D:5      | Found a broken altar of Ashenzari.
  3653 | D:5      | Reached skill level 9 in Axes
  3675 | Temple   | Entered the Ecumenical Temple
  3889 | Temple   | Became a worshipper of Makhleb the Destroyer
  4177 | D:5      | Reached skill level 10 in Axes
  4177 | D:5      | Reached XP level 9. HP: 44/79 MP: 9/9
  4369 | D:5      | Found a sacrificial altar of Ru.
  5453 | D:6      | Reached skill level 11 in Axes
  5826 | D:6      | Reached * piety under Makhleb
  6476 | D:7      | Found a white marble altar of Elyvilon.
  6672 | D:7      | HP: 3/82 [poisoned by a killer bee]
  6672 | D:7      | Slain by a killer bee

Illustrated notes

Levels and vault maps discovered:
D:1:      giann_horns, layout_rooms
D:2:      layout_loops_ring, basic_altar
D:3:      layout_loops_cross, amcnicky_altar_gilded
D:4:      layout_loops_cross, nicolae_ossuary_entry_false_entrances,
          gammafunk_ghost_smash, serial_shops, shop, minmay_cut_off,
          uniq_edmund, uniq_natasha
D:5:      layout_layer_cave, nicolae_ru_great_annihilating_truth,
          minmay_temple_entry_gardened_gates, minmay_ruined_shrine
D:6:      layout_loops_ring, kennysheep_generic_room_5
D:7:      layout_cave_pods, kennysheep_ying_yang
Temple:   regret_index_temple_waves

Skill      XL: |  1  2  3  4  5  6  7  8  9 |
---------------+----------------------------+-----
Axes           | 3 4 5 6 8 10 11 | 11.6
Fighting       | 4 5 6 7 8 |  8.3
Shields        | 4 5 |  5.0
Armour         | 4 5 6 7 |  7.5
Invocations    | |  0.9

Action                     |  1- 3 |  4- 6 |  7- 9 || total
---------------------------+-------+-------+-------++-------
  Melee: War axe           |    98 |   133 |   116 ||   347
         Broad axe         |       |       |   272 ||   272
    Use: Scroll            |       |     4 |     8 ||    12
         Potion            |       |     1 |       ||     1
   Stab: Paralysed         |       |       |     1 ||     1
 Armour: Scale mail        |    20 |       |       ||    20
         Chain mail        |    30 |       |       ||    30
         Plate armour      |       |   124 |   296 ||   420
  Dodge: Dodged            |    38 |    42 |   108 ||   188
  Block: Buckler           |    15 |    45 |    79 ||   139
